 Dungeon Crawl Stone Soup version 0.20.0-10-g0535bb4 (webtiles) character file.

258 McKennaii the Slasher (level 5, -4/42 HPs)
             Began as a Demonspawn Fighter on June 6, 2017.
             Killed by nerve-wracking pain
             ... invoked by an orc priest
              (11 damage)
             ... on level 3 of the Dungeon.
             The game lasted 00:04:10 (3487 turns).

McKennaii the Slasher (Demonspawn Fighter)          Turns: 3487, Time: 00:04:11

Health: -4/42      AC: 12    Str: 16    XL:     5   Next: 94%
Magic:  5/5        EV:  7    Int:  9    God:
Gold:   109        SH:  9    Dex: 14    Spells: 4/4 levels left

rFire    + . .     SeeInvis .   a - +0 long sword
rCold    . . .     Gourm    .   c - +0 shield
rNeg     . . .     Faith    .   b - +0 scale mail
rPois    .         Spirit   .   (no helmet)
rElec    .         Reflect  .   (no cloak)
rCorr    .         Harm     .   (no gloves)
MR       .....                  (no boots)
Stlth    ..........             (no amulet)
Regen    0.2/turn               (no ring)
MPRegen  0.1/turn               (no ring)

@: sanguine armour
A: hooves 1, fire resistance 1, flame cloud immunity, sanguine armour 1
a: no special abilities


You were on level 3 of the Dungeon.
You were hungry.

You visited 1 branch of the dungeon, and saw 3 of its levels.

You collected 109 gold pieces.

Inventory:

Hand Weapons
 a - a +0 long sword (weapon)
Armour
 b - a +0 scale mail (worn)
 c - a +0 shield (worn)
 n - a +0 cloak
Scrolls
 i - a scroll of blinking {unknown}
 j - 2 scrolls of enchant weapon {unknown}
 k - 4 scrolls of identify {unknown}
 m - a scroll of noise {unknown}
 p - a scroll of remove curse {unknown}
 q - a scroll of fog {unknown}
 t - a scroll of random uselessness {unknown}
Potions
 d - 2 potions of might
 e - a potion of brilliance {unknown}
 g - 2 potions of curing {unknown}
 h - a potion of ambrosia {unknown}
 r - 2 potions of heal wounds {unknown}
 s - a potion of degeneration {unknown}
Comestibles
 f - 2 bread rations
 l - a meat ration
 o - 2 royal jellies


   Skills:
 + Level 3.9 Fighting
 + Level 4.0 Long Blades
 + Level 3.3 Armour
 + Level 1.2 Dodging
 + Level 3.3 Shields


You had 4 spell levels left.
You didn't know any spells.

Dungeon Overview and Level Annotations

Branches:
Dungeon (3/15)

Altars:


Innate Abilities, Weirdness & Mutations

You have large cloven feet.
Your flesh is heat resistant. (rF+)
You are immune to clouds of flame.
When seriously injured, your bleeding wounds create armour. (AC +6)


Message History

The orc priest hits you but does no damage.
The quokka bites you.
You hit the orc priest but do no damage.
The orc priest looks satisfied for a moment.
The quokka closely misses you.
You riposte.
You slash the quokka!
You kill the quokka!
The orc priest hits you but does no damage.
You hit the orc priest but do no damage.
Your kick misses the orc priest.
The orc priest hits you with an enchanted hand axe!
* * * LOW HITPOINT WARNING * * *
You hit the orc priest but do no damage.
You kick the orc priest, but do no damage.
The orc priest barely misses you.
You hit the orc priest.
You kick the orc priest, but do no damage.
The orc priest is heavily wounded.
The orc priest mumbles some strange prayers to Beogh against you.
Pain shoots through your body!
You die...

#####.##### ##..
..........# ...#
..........# ###..#
..........# #....##
......)...####.....#####
........................
..........###.....####..
......o?$...÷).....##...
.......@....##..(#..>...
.....##.....########....
####........).# ###..
###...#†...##### ##.
#.####.......#####. #.
##<..........< ..
##........... ..#
.........#. #..
....####.##


You could see an orc priest.

Vanquished Creatures
  A bullfrog (D:3)
  Crazy Yiuf (D:2)
  An orc wizard (D:2)
  4 adders (D:2)
  A shadow imp (D:3)
  2 worms (D:2)
  5 dart slugs
  2 leopard geckos (D:1)
  3 orcs
  2 giant cockroaches
  11 goblins
  5 hobgoblins
  7 jackals
  A quokka (D:3)
  11 bats
  5 frilled lizards
  9 kobolds
  5 rats
  A fungus (D:2)
77 creatures vanquished.

Notes
Turn   | Place    | Note
-------+----------+-------------------------------------------
     0 | D:1      | McKennaii the Demonspawn Fighter began the quest for the Orb.
     0 | D:1      | Reached XP level 1. HP: 18/18 MP: 1/1
    92 | D:1      | Gained mutation: Your flesh is heat resistant. (rF+) [demonic ancestry]
    92 | D:1      | Reached XP level 2. HP: 6/24 MP: 2/2
   531 | D:1      | Reached skill level 2 in Long Blades
   727 | D:1      | You fall through a shaft!
   778 | D:2      | Gained mutation: When seriously injured, your bleeding wounds create armour. (AC +6) [demonic ancestry]
   778 | D:2      | Reached XP level 3. HP: 29/29 MP: 3/3
  1686 | D:2      | Gained mutation: You are immune to clouds of flame. [demonic ancestry]
  1686 | D:2      | Reached XP level 4. HP: 27/35 MP: 4/4
  1982 | D:2      | Reached skill level 3 in Long Blades
  2354 | D:2      | Found a runed door.
  2358 | D:2      | Noticed Crazy Yiuf
  2394 | D:1      | HP: 1/35 [poisoned by Crazy Yiuf]
  2717 | D:2      | Killed Crazy Yiuf
  2717 | D:2      | Reached skill level 1 in Dodging
  2717 | D:2      | Gained mutation: You have large cloven feet. [demonic ancestry]
  2717 | D:2      | Reached XP level 5. HP: 10/41 MP: 5/5
  3479 | D:3      | Reached skill level 4 in Long Blades
  3487 | D:3      | Killed from afar by an orc priest

Skill      XL: |  1  2  3  4  5 |
---------------+----------------+-----
Long Blades    | 2 3 4 |  4.0
Armour         | 3 |  3.3
Shields        | 3 |  3.3
Dodging        | 1 |  1.2
Fighting       | |  3.9

Action                   |  1- 3 |  4- 6 || total
-------------------------+-------+-------++-------
Melee: Long sword        |   154 |   175 ||   329
       Kick              |       |    29 ||    29
  Eat: Chunk             |     2 |     6 ||     8
Armor: Scale mail        |    95 |    94 ||   189
Dodge: Dodged            |    54 |    46 ||   100
Block: Shield            |    87 |    93 ||   180
       Rpst.: Long sword |    18 |    22 ||    40
